 Dungeon Crawl Stone Soup version 0.14.0-15-g6b16f67 (webtiles) character file.

421 Chiseanne the Magician (level 5, -1/39 HPs)
             Began as a Demonspawn Wanderer on Apr 18, 2014.
             Slain by an ogre
             ... wielding a +0,+0 giant spiked club
              (20 damage)
             ... on Level 4 of the Dungeon.
             The game lasted 00:15:53 (4630 turns).

Chiseanne the Magician (Demonspawn Wanderer)        Turns: 4630, Time: 00:15:54

HP  -1/39        AC 11     Str 10      XL: 5   Next: 97%
MP  13/13        EV  9     Int 20      God:
Gold 159         SH  0     Dex 11      Spells:  0 memorised, 11 levels left

rFire  . . .     SeeInvis .     b - +1 long sword
rCold  . . .     Clarity  .     c - +0 ring mail
rNeg   . . .     Conserve .     (no shield)
rPois  .         rCorr    .     (no helmet)
rElec  .         rRot     .     e - +1 cloak
SustAb . .       Spirit   .     (no gloves)
rMut   .         Warding  .     (no boots)
Saprov . . .     Stasis   .     (no amulet)
MR     .....                    (no ring)
                                g - +2 ring of dexterity

@: not resistant to hostile enchantments, fairly stealthy
A: iridescent scales 1, nightstalker 1, powered by death 1
a: no special abilities


You were on level 4 of the Dungeon.
You were not hungry.

You visited 1 branch of the dungeon, and saw 4 of its levels.

You collected 159 gold pieces.

Inventory:

Hand weapons
 b - a +1,+1 long sword (weapon)
 m - a +0,+1 short sword of holy wrath
Missiles
 a - 2 darts (quivered)
Armour
 c - a +0 ring mail (worn)
 e - a +1 cloak (worn)
Magical devices
 l - a wand of digging (18)
 p - a wand of polymorph (19)
 q - a wand of magic darts (0)
Comestibles
 d - a lemon
 f - 3 bread rations
 h - a sausage
 n - a meat ration
 r - a chunk of gnoll flesh
Scrolls
 i - 2 scrolls of magic mapping
 o - 5 scrolls of identify
Jewellery
 g - a +2 ring of dexterity (left hand)
Potions
 j - a potion of invisibility {unknown}
 k - a potion of restore abilities {unknown}


   Skills:
 * Level 2.3 Fighting
 - Level 2.6 Short Blades
 * Level 2.1 Long Blades
 * Level 3.7 Dodging
 * Level 1.5 Stealth
   Level 1.0 Shields
 * Level 3.8 Spellcasting
   Level 1.2 Invocations


You had 11 spell levels left.
You didn't know any spells.

Dungeon Overview and Level Annotations

Branches:
Dungeon (4/15)
 Temple: D:4-7

Altars:

Shops:
D:4 }

Annotations:
D:2 Sigmund


Innate Abilities, Weirdness & Mutations

You are partially covered in iridescent scales (AC +4).
You are slightly more attuned to the shadows.
You can steal the life force of nearby defeated enemies.


Message History

You slash the ogre!
The ogre is heavily wounded.
The ogre hits you but does no damage.
You barely miss the ogre.
The ogre is heavily wounded.
The gnoll shouts!
The ogre hits you with a giant spiked club!
Ouch! That really hurt!
You completely miss the ogre.
The ogre is heavily wounded.
The ogre barely misses you.
You barely miss the ogre.
The ogre is heavily wounded.
The gnoll shouts!
The ogre barely misses you.
You hit the ogre.
The ogre is heavily wounded.
The ogre hits you with a giant spiked club!
Ouch! That really hurt!
You die...

##.######.###<#
#.# #.# #.# #.#
#g# #.#
########.# #.#
.........# #.#
O......g.# #.#
......O..###.#
######@...#.#
#....#.#
#....#.#
#....#.#
#....#.#
#....#.#
#....#.#
#######%#.#
........#.#


You could see an ogre and 2 gnolls.

Vanquished Creatures
  A hound (D:4)
  A worker ant (D:4)
  Jessica (D:3)
  8 adders
  2 gnolls (D:3)
  A giant mite (D:2)
  2 worms
  2 giant geckos
  An ooze (D:3)
  2 orcs (D:3)
  2 ball pythons
  7 bats
  14 goblins
  3 hobgoblins
  9 jackals
  9 kobolds
  2 quokkas (D:2)
  2 giant cockroaches
  5 giant newts
  13 rats
87 creatures vanquished.

Notes
Turn   | Place    | Note
--------------------------------------------------------------
     0 | D:1      | Chiseanne, the Demonspawn Wanderer, began the quest for the Orb.
     0 | D:1      | Reached XP level 1. HP: 15/15 MP: 5/5
   511 | D:1      | Gained mutation: You are partially covered in iridescent scales (AC +4). [demonic ancestry]
   511 | D:1      | Reached XP level 2. HP: 16/21 MP: 7/7
  1244 | D:2      | Noticed Sigmund
  1774 | D:2      | Reached XP level 3. HP: 26/26 MP: 9/9
  2271 | D:2      | Gained mutation: You are slightly more attuned to the shadows. [demonic ancestry]
  2271 | D:2      | Reached XP level 4. HP: 18/33 MP: 11/11
  3348 | D:3      | Reached skill level 1 in Long Blades
  3550 | D:3      | Gained mutation: You can steal the life force of nearby defeated enemies. [demonic ancestry]
  3550 | D:3      | Reached XP level 5. HP: 12/38 MP: 12/12
  3961 | D:3      | Reached skill level 1 in Stealth
  4085 | D:3      | Noticed Jessica
  4098 | D:3      | Killed Jessica
  4178 | D:4      | Found Gafa's Gadget Boutique.
  4469 | D:4      | Noticed an ogre
  4630 | D:4      | Slain by an ogre

Action                   |  1- 3 |  4- 6 || total
-------------------------+-------+-------++-------
Melee: Short sword       |    95 |       ||    95
       Falchion          |    68 |       ||    68
       Long sword        |    33 |   232 ||   265
Evoke: Wand              |     1 |     7 ||     8
  Use: Potion            |     2 |     1 ||     3
       Scroll            |       |     7 ||     7
 Stab: Sleeping          |       |     1 ||     1
